 Dungeon Crawl Stone Soup version 0.30-a0-459-g9104f0fc43 (webtiles) character file.

Game seed: 12280717602881439375

737 cforsyth the Ruffian (level 7, -2/70 HPs)
             Began as a Troll Fighter on Dec 15, 2022.
             Slain by an orc
             ... wielding a +0 hand axe
              (5 damage)
             ... on level 5 of the Dungeon.
             The game lasted 00:04:02 (2689 turns).

cforsyth the Ruffian (Troll Fighter)                Turns: 2689, Time: 00:04:03

Health: -2/70      AC:  4    Str: 25    XL:     7   Next: 46%
Magic:  6/6        EV:  8    Int:  6    God:
Gold:   171        SH:  0    Dex:  9    Spells: 6/6 levels left

rFire   . . .      SeeInvis .      - Unarmed
rCold   . . .      Faith    .    b - +0 kite shield
rNeg    . . .      Spirit   .    a - +0 robe
rPois   .          Reflect  .    (helmet restricted)
rElec   .          Harm     .    (no cloak)
rCorr   .          Rampage  .    (gloves unavailable)
Will    .....                    (boots unavailable)
Stlth   +.........               (no amulet)
HPRegen 1.11/turn                (no ring)
MPRegen 0.10/turn                (no ring)

@: confused, mighty
A: large, unfitting armour, claws 3, regeneration 1, shaggy fur 1, tough skin 1
a: no special abilities


You were on level 5 of the Dungeon.
You visited 1 branch of the dungeon, and saw 5 of its levels.

You collected 171 gold pieces.

Inventory:

Armour
 a - a +0 robe (worn)
 b - a +0 kite shield (worn)
Wands
 q - a wand of polymorph (5)
Scrolls
 d - 2 scrolls of vulnerability {unknown}
 e - a scroll of enchant weapon {unknown}
 f - 2 scrolls of enchant armour {unknown}
 g - 6 scrolls of magic mapping {unknown}
 h - 6 scrolls of identify {unknown}
 i - a scroll of teleportation {unknown}
 p - 2 scrolls of amnesia {unknown}
 r - a scroll of poison {unknown}
 s - a scroll of immolation {unknown}
Potions
 j - a potion of curing {unknown}
 k - a potion of resistance {unknown}
 l - a potion of heal wounds {unknown}
 m - a potion of haste {unknown}
 n - a potion of magic {unknown}
 o - a potion of ambrosia
 t - a potion of attraction {unknown}
 u - a potion of mutation {unknown}
 v - a potion of flight {unknown}


   Skills:
 + Level 4.2 Fighting
 - Level 2.5 Dodging
 + Level 4.6 Shields
 * Level 6.1 Unarmed Combat


You had 6 spell levels left.
You didn't know any spells.
Your spell library contained the following spells:

 Spells                   Type           Power      Damage    Failure   Level
 Apportation              Tloc           0%         N/A       75%         1
 Ignite Poison            Fire/Tmut/Pois 0%         N/A       98%         3
 Kindle Blastsparks       Fire/Tloc/Air  0%         2d10      98%         3
 Alistair's Intoxication  Tmut/Pois      0%         N/A       100%        5
 Freezing Cloud           Conj/Ice/Air   0%         6-21      100%        5


Dungeon Overview and Level Annotations

Branches:
Dungeon (5/15)
 Temple: D:4-7

Altars:
Okawaru

Shops:
D:2 (   D:3 :


Innate Abilities, Weirdness & Mutations

You are too large for most types of armour.
You have claws for hands.
Your natural rate of healing is unusually fast.
You are covered in fur. (AC +1)
You have tough skin. (AC +1)


Message History

You hear a shout!
There is an open door here.
You are too confused!
It was a potion of ambrosia.
You are more confused.
You feel invigorated.
An orc comes into view. It is wielding a +0 hand axe.
Something hits you. Something hits you but does no damage.
You feel less invigorated. Something hits you. The orc hits you with a +0 mace.
The orc hits you with a +0 mace.
You hear some strange, mumbled words.
A magic dart appears from out of thin air!
The magic dart hits you.
You bump into the rock wall.
The orc barely misses you. The orc hits you with a +0 hand axe.
You hear some strange, mumbled words.
A magic dart appears from out of thin air!
The magic dart hits you.
* * * LOW HITPOINT WARNING * * *
Unknown command.
You feel very mighty all of a sudden. The orc closely misses you. x2
The orc wizard hits you with a +0 dagger.
* * * LOW HITPOINT WARNING * * *
Something hits you.
* * * LOW HITPOINT WARNING * * *
You scratch the orc but do no damage. The orc hits you with a +0 mace!
* * * LOW HITPOINT WARNING * * *
The orc hits you with a +0 hand axe.
* * * LOW HITPOINT WARNING * * *
The orc wizard hits you with a +0 dagger.
* * * LOW HITPOINT WARNING * * *
You hear some strange, mumbled words.
You are more confused.
You barely miss the orc wizard. The orc hits you with a +0 mace.
* * * LOW HITPOINT WARNING * * *
The orc hits you with a +0 hand axe.
You die...

.......#######+#
...............##
.............§...
....o.........§..
..o......:≈≈≈§≈≈≈
##...####)≈..§§..
####+#####.≈.≈§≈≈≈.
.......#{o.≈.≈...≈.≈
.......#@o.≈.≈._.≈§§
.......'.o.≈.≈...≈§≈
.......#...≈.≈≈≈≈..≈
########..§≈......§§
#...§§≈≈≈§≈§≈
#............
######.....#+
#....'.....#
#....#.....#


You could see an orc wizard and 2 orcs.

Vanquished Creatures
  Grinder (D:3)
  Sigmund (D:2)
  A necrophage (D:4)
  3 orc priests (D:5)
  A hound (D:3)
  An iguana (D:5)
  2 orc wizards (D:5)
  6 adders
  An ufetubus (D:4)
  3 worms
  A dart slug (D:3)
  6 orcs
  10 ball pythons
  6 endoplasms
  5 giant cockroaches
  2 goblins (D:1)
  A hobgoblin (D:1)
  A quokka (D:1)
  4 bats
  A frilled lizard (D:2)
  7 kobolds
  4 rats
  A spectral kobold (D:2)
69 creatures vanquished.

Notes
Turn   | Place    | Note
-------+----------+-------------------------------------------
     0 | D:1      | cforsyth the Troll Fighter began the quest for the Orb.
     0 | D:1      | Reached XP level 1. HP: 22/22 MP: 0/0
   136 | D:1      | You fall into a shaft and drop 1 floor!
   186 | D:2      | Found a faded altar of an unknown god.
   207 | D:2      | Reached XP level 2. HP: 20/29 MP: 1/1
   356 | D:2      | Noticed Sigmund
   890 | D:1      | Reached XP level 3. HP: 36/36 MP: 2/2
  1125 | D:2      | Found Riwec's Antique Weapon Emporium.
  1145 | D:2      | Killed Sigmund
  1146 | D:2      | Reached skill level 4 in Unarmed Combat
  1146 | D:2      | Reached XP level 4. HP: 32/45 MP: 3/3
  1146 | D:2      | Reached XP level 5. HP: 38/53 MP: 4/4
  1532 | D:3      | Noticed Grinder
  1540 | D:3      | Paralysed by Grinder for 4 turns
  1546 | D:3      | Killed Grinder
  1547 | D:3      | Reached skill level 5 in Unarmed Combat
  1547 | D:3      | Reached XP level 6. HP: 29/62 MP: 5/5
  1706 | D:3      | Found Varuon's Vocational Training.
  1945 | D:4      | Reached XP level 7. HP: 67/68 MP: 6/6
  2528 | D:5      | Entered Level 5 of the Dungeon
  2644 | D:5      | Found an iron altar of Okawaru.
  2673 | D:5      | Reached skill level 6 in Unarmed Combat
  2688 | D:5      | HP: 3/70 [orc wizard/+0 dagger (3)]
  2689 | D:5      | Slain by an orc

Illustrated notes

Levels and vault maps discovered:
D:1:      minmay_arrival_diagonal_passages, layout_basic,
          serial_co_window_serial, co_window_corner_a, co_window_paths_a,
          co_window_paths_a, co_window_of_opportunity_a,
          co_window_of_opportunity_a, co_window_paths_b,
          co_window_unsneaky_path_a, co_window_corner_ca, co_window_paths_c,
          co_window_4corner_b, glass_columns_a, glass_columns_a, glass_columns_a
D:2:      layout_basic, serial_shops, shop_fountains,
          dreamdust_ecumenical_altar_drowned_temple, uniq_sigmund
D:3:      layout_rooms, nicolae_shop_vocational, uniq_grinder
D:4:      layout_loops_ring
D:5:      layout_gridville, grunt_temple_overflow_forces_of_nature,
          mainiacjoe_overflow_concentric_impassable, minmay_fire_ice_demons

Skill      XL: |  1  2  3  4  5  6  7 |
---------------+----------------------+-----
Shields        | 3 4 |  4.6
Fighting       | 3 4 |  4.2
Unarmed Combat | 4 5 6 |  6.1
Dodging        | |  2.5

Action                   |  1- 3 |  4- 6 |  7- 9 || total
-------------------------+-------+-------+-------++-------
Melee: Unarmed           |    81 |    89 |    46 ||   216
  Use: Potion            |       |       |     2 ||     2
 Stab: Sleeping          |       |     1 |       ||     1
Armor: Robe              |    18 |    27 |     8 ||    53
Dodge: Dodged            |    17 |    29 |    14 ||    60
Block: Kite shield       |    25 |    34 |    13 ||    72

Table legend: (Time is in decaauts)
 A = Elapsed time spent in this place.
 B = Non-inter-level travel time spent in this place.
 C = Inter-level travel time spent in this place.
 D = Time resting spent in this place.
 E = Time spent auto-exploring this place.
 F = Levels seen in this place.
 G = Mean time per level.
                   A        B        C        D        E       F      G
               +--------+--------+--------+--------+--------+-----+--------+
         Total |   2700 |   2582 |    118 |      0 |   2073 |   5 |  540.0 |
       Dungeon |   2700 |   2582 |    118 |      0 |   2073 |   5 |  540.0 |
               +--------+--------+--------+--------+--------+-----+--------+

Top non-repeatable levels by time:
     D:1: 851 daAuts
     D:4: 626 daAuts
     D:2: 587 daAuts
     D:3: 473 daAuts
     D:5: 161 daAuts
